| TOP OF THE 1ST |
|
Hartford Yard Goats batting - Pitching for Lakewood BlueClaws : RHP Manny Cordova
|
|
Pitching: RHP Manny Cordova
|
|
|
Batting: RHB Bobby Gulsby
|
0-0: Called Strike 0-1: Foul Ball, location: 2F 0-2: Foul Ball, location: 2F 0-2: Foul Ball, location: 2F 0-2: Strikes out swinging
|
|
Batting: LHB Freddy Troncoso
|
0-0: Called Strike 0-1: Foul Ball, location: 2F 0-2: Ball 1-2: Foul Ball, location: 2F 1-2: Ball 2-2: Strikes out swinging
|
|
Batting: LHB Roy Riess
|
0-0: Called Strike 0-1: Called Strike 0-2: Hit by Pitch
|
|
Batting: LHB Eric Ludwig
|
Pickoff Throw to First - Out! 1-3
|
| Top of the 1st over - 0 runs, 0 hits, 0 errors, 0 left on base; Hartford 0 - Lakewood 0 |
| BOTTOM OF THE 1ST |
|
Lakewood BlueClaws batting - Pitching for Hartford Yard Goats : RHP Rich Reinbolt
|
|
Pitching: RHP Rich Reinbolt
|
|
|
Batting: RHB Joe Hewitt
|
0-0: Ball 1-0: Ball 2-0: Swinging Strike 2-1: Ball 3-1: Swinging Strike 3-2: Foul Ball, location: 2F 3-2: Foul Ball, location: 2F 3-2: Foul Ball, location: 2F 3-2: Base on Balls
|
|
Batting: RHB Victor Arroyo
|
0-0: Ball 1-0: Foul Ball, location: 2F 1-1: Swinging Strike 1-2: Strikes out swinging
|
|
Batting: LHB Alex Fernandez
|
0-0: Ball Joe Hewitt steals 2nd base 1-0: Called Strike 1-1: Ball 2-1: Fly out, F8 (Flyball, 8RM, EV 85.0 MPH)
|
|
Batting: RHB Carlos Morejon
|
0-0: Ball 1-0: SINGLE (Groundball, 56D, EV 106.2 MPH) Joe Hewitt to third Runner from 3rd tries for Home, SAFE, throw by LF to home
|
|
Batting: RHB Roberto Ruiz
|
0-0: Ball 1-0: Ball 2-0: Called Strike 2-1: Fly out, F8 (Flyball, 89M, EV 95.0 MPH)
|
| Bottom of the 1st over - 1 run, 1 hit, 0 errors, 1 left on base; Hartford 0 - Lakewood 1 |
| TOP OF THE 2ND |
|
Hartford Yard Goats batting - Pitching for Lakewood BlueClaws : RHP Manny Cordova
|
|
Batting: LHB Eric Ludwig
|
0-0: Ball 1-0: Foul Ball, location: 2F 1-1: Ball 2-1: Ball 3-1: Foul Ball, location: 2F 3-2: Strikes out swinging
|
|
Batting: RHB Mike Manchester
|
0-0: Foul Ball, location: 2F 0-1: Called Strike 0-2: SINGLE (Flyball, 8RS, EV 92.5 MPH)
|
|
Batting: LHB Mike Clark
|
0-0: Ball 1-0: Foul Ball, location: 2F 1-1: SINGLE (Groundball, 4M, EV 81.2 MPH) (infield hit) Mike Manchester to second
|
|
Batting: LHB Eric Zacher
|
0-0: Called Strike 0-1: Swinging Strike 0-2: Ball 1-2: Ball 2-2: Ball 3-2: Strikes out swinging
|
|
Batting: RHB Yamashita Yagi
|
0-0: Ball 1-0: Foul Ball, location: 2F 1-1: Foul Ball, location: 2F 1-2: Strikes out swinging
|
| Top of the 2nd over - 0 runs, 2 hits, 0 errors, 2 left on base; Hartford 0 - Lakewood 1 |
| BOTTOM OF THE 2ND |
|
Lakewood BlueClaws batting - Pitching for Hartford Yard Goats : RHP Rich Reinbolt
|
|
Batting: RHB Pablo Lopez
|
0-0: Ball 1-0: Foul Ball, location: 2F 1-1: Ground out U3 (Groundball, 3S, EV 90.6 MPH)
|
|
Batting: RHB Frank Shelton
|
0-0: Called Strike 0-1: Ball 1-1: Ball 2-1: Fly out, F8 (Flyball, 8LD, EV 81.2 MPH)
|
|
Batting: RHB Vaclav Been
|
0-0: Ball 1-0: SINGLE (Flyball, 78S, EV 85.6 MPH)
|
|
Batting: RHB Pedro Mata
|
0-0: Foul Ball, location: 2F 0-1: Foul Ball, location: 2F 0-2: Ball 1-2: Strikes out swinging
|
| Bottom of the 2nd over - 0 runs, 1 hit, 0 errors, 1 left on base; Hartford 0 - Lakewood 1 |
| TOP OF THE 3RD |
|
Hartford Yard Goats batting - Pitching for Lakewood BlueClaws : RHP Manny Cordova
|
|
Batting: RHB Haykuhi Kagramanian
|
0-0: Called Strike 0-1: Fly out, F3 (Popup, 3SF, EV 75.0 MPH)
|
|
Batting: RHB Bobby Gulsby
|
0-0: Ball 1-0: Swinging Strike 1-1: Swinging Strike 1-2: Foul Ball, location: 2F 1-2: Ball 2-2: SINGLE (Flyball, 4D, EV 91.2 MPH)
|
|
Batting: LHB Freddy Troncoso
|
0-0: Ball Bobby Gulsby steals 2nd base (no throw) 1-0: Ground out 1-3 (Groundball, 34S, EV 72.5 MPH) Bobby Gulsby to third
|
|
Batting: LHB Roy Riess
|
0-0: Ball 1-0: Ball 2-0: Ball 3-0: Base on Balls
|
|
Batting: LHB Eric Ludwig
|
0-0: Ball 1-0: Foul Ball, location: 2F 1-1: Ball 2-1: Ball 3-1: Foul Ball, location: 2F 3-2: Foul Ball, location: 2F 3-2: Base on Balls Roy Riess to second
|
|
Batting: RHB Mike Manchester
|
0-0: Called Strike 0-1: Ball 1-1: Swinging Strike 1-2: Ball 2-2: Strikes out swinging
|
| Top of the 3rd over - 0 runs, 1 hit, 0 errors, 3 left on base; Hartford 0 - Lakewood 1 |
| BOTTOM OF THE 3RD |
|
Lakewood BlueClaws batting - Pitching for Hartford Yard Goats : RHP Rich Reinbolt
|
|
Batting: RHB Joe Hewitt
|
0-0: Ball 1-0: Fly out, F9 (Flyball, 89M, EV 83.1 MPH)
|
|
Batting: RHB Victor Arroyo
|
0-0: Ball 1-0: Ball 2-0: Ball 3-0: Base on Balls
|
|
Batting: LHB Alex Fernandez
|
0-0: Ball 1-0: Ball 2-0: Fielders Choice at 2nd, 1-6 (Groundball, 13S, EV 71.2 MPH)
|
|
Batting: RHB Carlos Morejon
|
0-0: Called Strike 0-1: Ball 1-1: Swinging Strike 1-2: Fly out, F7 (Flyball, 78M, EV 90.0 MPH)
|
| Bottom of the 3rd over - 0 runs, 0 hits, 0 errors, 1 left on base; Hartford 0 - Lakewood 1 |
| TOP OF THE 4TH |
|
Hartford Yard Goats batting - Pitching for Lakewood BlueClaws : RHP Manny Cordova
|
|
Batting: LHB Mike Clark
|
0-0: Ball 1-0: Ball 2-0: Called Strike 2-1: Ball 3-1: Ground out U3 (Groundball, 34, EV 98.8 MPH)
|
|
Batting: LHB Eric Zacher
|
0-0: Ground out 4-3 (Groundball, 34D, EV 108.1 MPH)
|
|
Batting: RHB Yamashita Yagi
|
0-0: Ball 1-0: Ball 2-0: Ball 3-0: Called Strike 3-1: SINGLE (Groundball, 6MD, EV 98.1 MPH)
|
|
Batting: RHB Haykuhi Kagramanian
|
0-0: Ball 1-0: Ball 2-0: Ball 3-0: Base on Balls Yamashita Yagi to second
|
|
Batting: RHB Bobby Gulsby
|
0-0: Ball 1-0: Foul Ball, location: 2F 1-1: Ball 2-1: SINGLE (Flyball, 7LS, EV 95.0 MPH) Yamashita Yagi to third Haykuhi Kagramanian to second Runner from 3rd tries for Home, throw by LF and OUT! 7-2
|
| Top of the 4th over - 0 runs, 2 hits, 0 errors, 2 left on base; Hartford 0 - Lakewood 1 |
| BOTTOM OF THE 4TH |
|
Lakewood BlueClaws batting - Pitching for Hartford Yard Goats : RHP Rich Reinbolt
|
|
Batting: RHB Roberto Ruiz
|
0-0: Swinging Strike 0-1: SINGLE (Groundball, 56D, EV 94.4 MPH)
|
|
Batting: RHB Pablo Lopez
|
0-0: Foul Ball, location: 2F 0-1: Called Strike 0-2: Ball 1-2: Strikes out swinging
|
|
Batting: RHB Frank Shelton
|
0-0: Swinging Strike 0-1: Called Strike 0-2: Ball 1-2: Ball 2-2: Strikes out swinging
|
|
Batting: RHB Vaclav Been
|
0-0: Ball 1-0: SINGLE (Groundball, 6S, EV 71.2 MPH) (infield hit) Roberto Ruiz to second
|
|
Batting: RHB Pedro Mata
|
0-0: DOUBLE (Flyball, 89XD, EV 106.2 MPH) Roberto Ruiz scores Vaclav Been to third
|
|
Batting: RHB Joe Hewitt
|
0-0: Called Strike 0-1: Ground out 2-3 (Groundball, 15S, EV 66.2 MPH)
|
| Bottom of the 4th over - 1 run, 3 hits, 0 errors, 2 left on base; Hartford 0 - Lakewood 2 |
| TOP OF THE 5TH |
|
Hartford Yard Goats batting - Pitching for Lakewood BlueClaws : RHP Manny Cordova
|
|
Batting: LHB Freddy Troncoso
|
0-0: SINGLE (Flyball, 4D, EV 86.2 MPH)
|
|
Batting: LHB Roy Riess
|
0-0: Ball 1-0: Ball Freddy Troncoso steals 2nd, throwing error, E2 Freddy Troncoso to third 2-0: Called Strike 2-1: Fly out, F8 (Flyball, 89S, EV 84.4 MPH)
|
|
Batting: LHB Eric Ludwig
|
0-0: Called Strike 0-1: Ball 1-1: Ball 2-1: Ball 3-1: Called Strike 3-2: Foul Ball, location: 2F 3-2: Strikes out swinging
|
|
Batting: RHB Mike Manchester
|
0-0: Swinging Strike 0-1: Swinging Strike 0-2: Ball 1-2: Foul Ball, location: 2F 1-2: Foul Ball, location: 2F 1-2: SINGLE (Flyball, 8LS, EV 92.5 MPH) Freddy Troncoso scores
|
|
Batting: LHB Mike Clark
|
0-0: Ball 1-0: Foul Ball, location: 2F 1-1: Ground out 4-3 (Groundball, P, EV 85.0 MPH)
|
| Top of the 5th over - 1 run, 2 hits, 1 error, 1 left on base; Hartford 1 - Lakewood 2 |
| BOTTOM OF THE 5TH |
|
Lakewood BlueClaws batting - Pitching for Hartford Yard Goats : RHP Rich Reinbolt
|
|
Batting: RHB Victor Arroyo
|
0-0: Ball 1-0: Swinging Strike 1-1: Ball 2-1: Swinging Strike 2-2: Ball 3-2: Base on Balls
|
|
Batting: LHB Alex Fernandez
|
0-0: Swinging Strike 0-1: Foul Ball, location: 2F 0-2: Foul Ball, location: 2F 0-2: Ball 1-2: Fly out, F7 (Flyball, 7D, EV 88.1 MPH)
|
|
Batting: RHB Carlos Morejon
|
0-0: Ball 1-0: Swinging Strike 1-1: Ball 2-1: Ball 3-1: SINGLE (Line Drive, 89M, EV 88.1 MPH) Victor Arroyo to second
|
|
Pitching: RHP Zach Sommer
|
|
|
Batting: RHB Roberto Ruiz
|
0-0: Called Strike 0-1: Ball 1-1: Ball 2-1: Fly out, F9 (Line Drive, 9, EV 100.0 MPH)
|
|
Batting: RHB Pablo Lopez
|
0-0: Ball 1-0: Fly out, F7 (Flyball, 7LSF, EV 92.5 MPH)
|
| Bottom of the 5th over - 0 runs, 1 hit, 0 errors, 2 left on base; Hartford 1 - Lakewood 2 |
| TOP OF THE 6TH |
|
Hartford Yard Goats batting - Pitching for Lakewood BlueClaws : RHP Manny Cordova
|
|
Pitching: RHP Omar Pineda
|
|
|
Batting: LHB Eric Zacher
|
0-0: Fly out, F4 (Flyball, 4D, EV 87.5 MPH)
|
|
Batting: RHB Yamashita Yagi
|
0-0: Called Strike 0-1: Ground out 5-3 (Groundball, 56, EV 101.9 MPH)
|
|
Batting: RHB Haykuhi Kagramanian
|
0-0: Called Strike 0-1: Swinging Strike 0-2: Ball 1-2: SINGLE (Flyball, 78S, EV 98.1 MPH)
|
|
Pinch Runner at 1st Eddie Gonzalez:
|
|
|
Batting: RHB Bobby Gulsby
|
0-0: Called Strike 0-1: Swinging Strike 0-2: Ball 1-2: Ball 2-2: Strikes out swinging
|
| Top of the 6th over - 0 runs, 1 hit, 0 errors, 1 left on base; Hartford 1 - Lakewood 2 |
| BOTTOM OF THE 6TH |
|
Lakewood BlueClaws batting - Pitching for Hartford Yard Goats : RHP Zach Sommer
|
|
Now at SS: Jamie Locke
|
|
|
Batting: RHB Frank Shelton
|
0-0: SINGLE (Line Drive, 7S, EV 104.4 MPH)
|
|
Batting: RHB Vaclav Been
|
0-0: Foul Ball, location: 2F 0-1: Called Strike 0-2: Ball 1-2: Ball 2-2: Strikes out swinging
|
|
Batting: RHB Pedro Mata
|
0-0: SINGLE (Line Drive, 34D, EV 97.5 MPH) Frank Shelton to second
|
|
Batting: RHB Joe Hewitt
|
0-0: Ball 1-0: Fielders Choice at 2nd, 6-4 (Groundball, 6, EV 89.4 MPH) Frank Shelton to third
|
|
Batting: RHB Victor Arroyo
|
0-0: Ball 1-0: Called Strike 1-1: Called Strike Joe Hewitt steals 2nd base 1-2: Ball 2-2: Foul Ball, location: 2F 2-2: Ball 3-2: Base on Balls
|
|
Batting: LHB Alex Fernandez
|
0-0: SINGLE (Line Drive, 56, EV 100.6 MPH) Frank Shelton scores Joe Hewitt to third Victor Arroyo to second
|
|
Batting: RHB Carlos Morejon
|
0-0: Ball 1-0: Ball 2-0: Ball 3-0: Hit by Pitch Joe Hewitt scores Victor Arroyo to third Alex Fernandez to second
|
|
Pitching: LHP Ryan Morlan
|
|
|
Batting: RHB Roberto Ruiz
|
0-0: Ball 1-0: Called Strike 1-1: Ball 2-1: Foul Ball, location: 2F 2-2: Foul Ball, location: 2F 2-2: Ground out 6-3 (Groundball, 56, EV 106.2 MPH)
|
| Bottom of the 6th over - 2 runs, 3 hits, 0 errors, 3 left on base; Hartford 1 - Lakewood 4 |
| TOP OF THE 7TH |
|
Hartford Yard Goats batting - Pitching for Lakewood BlueClaws : RHP Omar Pineda
|
|
Batting: LHB Freddy Troncoso
|
0-0: Called Strike 0-1: Ball 1-1: Ball 2-1: Fly out, F3 (Line Drive, 3, EV 69.4 MPH)
|
|
Batting: LHB Roy Riess
|
0-0: Foul Ball, location: 2F 0-1: SINGLE (Groundball, 6D, EV 98.8 MPH)
|
|
Pitching: RHP Francisco Tejada
|
|
|
Batting: LHB Eric Ludwig
|
0-0: Called Strike 0-1: Ball 1-1: Ball 2-1: Called Strike 2-2: Foul Ball, location: 2F 2-2: Ball 3-2: Strikes out swinging
|
|
Batting: RHB Mike Manchester
|
0-0: Called Strike 0-1: Swinging Strike 0-2: Ball 1-2: Foul Ball, location: 2F 1-2: Strikes out swinging
|
| Top of the 7th over - 0 runs, 1 hit, 0 errors, 1 left on base; Hartford 1 - Lakewood 4 |
| BOTTOM OF THE 7TH |
|
Lakewood BlueClaws batting - Pitching for Hartford Yard Goats : LHP Ryan Morlan
|
|
Batting: RHB Pablo Lopez
|
0-0: Ball 1-0: Called Strike 1-1: Fly out, F9 (Flyball, 89M, EV 93.1 MPH)
|
|
Batting: RHB Frank Shelton
|
0-0: Called Strike 0-1: Called Strike 0-2: Ball 1-2: Strikes out swinging
|
|
Batting: RHB Vaclav Been
|
0-0: Foul Ball, location: 2F 0-1: Ball 1-1: Ball 2-1: Foul Ball, location: 2F 2-2: Strikes out swinging
|
| Bottom of the 7th over - 0 runs, 0 hits, 0 errors, 0 left on base; Hartford 1 - Lakewood 4 |
| TOP OF THE 8TH |
|
Hartford Yard Goats batting - Pitching for Lakewood BlueClaws : RHP Francisco Tejada
|
|
Pitching: RHP Georgs Felitti
|
|
|
Batting: LHB Mike Clark
|
0-0: Ball 1-0: Called Strike 1-1: Called Strike 1-2: Strikes out swinging
|
|
Batting: LHB Eric Zacher
|
0-0: Called Strike 0-1: Ball 1-1: Foul Ball, location: 2F 1-2: Ball 2-2: Ground out U3 (Groundball, 3, EV 92.5 MPH)
|
|
Batting: RHB Yamashita Yagi
|
0-0: Fly out, F9 (Flyball, 89D, EV 100.0 MPH)
|
| Top of the 8th over - 0 runs, 0 hits, 0 errors, 0 left on base; Hartford 1 - Lakewood 4 |
| BOTTOM OF THE 8TH |
|
Lakewood BlueClaws batting - Pitching for Hartford Yard Goats : LHP Ryan Morlan
|
|
Pitching: RHP Mitch Guerrero
|
|
|
Batting: RHB Pedro Mata
|
0-0: Ball 1-0: Ball 2-0: Called Strike 2-1: Ball 3-1: Swinging Strike 3-2: Strikes out swinging
|
|
Batting: RHB Joe Hewitt
|
0-0: TRIPLE (Line Drive, 89XD, EV 105.6 MPH)
|
|
Batting: RHB Victor Arroyo
|
0-0: Called Strike 0-1: Swinging Strike 0-2: Foul Ball, location: 2F 0-2: Ball 1-2: Ball 2-2: Hit by Pitch
|
|
Batting: LHB Alex Fernandez
|
0-0: SINGLE (Line Drive, 78S, EV 105.6 MPH) Joe Hewitt scores Victor Arroyo to second
|
|
Batting: RHB Carlos Morejon
|
0-0: Ball 1-0: Foul Ball, location: 2F 1-1: Called Strike 1-2: Strikes out swinging
|
|
Batting: RHB Roberto Ruiz
|
0-0: Called Strike 0-1: DOUBLE (Groundball, 5L, EV 103.8 MPH) Victor Arroyo scores Alex Fernandez to third Runner from 3rd tries for Home, throw by LF and OUT! 7-6-2
|
| Bottom of the 8th over - 2 runs, 3 hits, 0 errors, 1 left on base; Hartford 1 - Lakewood 6 |
| TOP OF THE 9TH |
|
Hartford Yard Goats batting - Pitching for Lakewood BlueClaws : RHP Georgs Felitti
|
|
Batting: SHB Jamie Locke
|
0-0: Ball 1-0: SINGLE (Line Drive, 8RS, EV 88.1 MPH)
|
|
Batting: RHB Bobby Gulsby
|
0-0: Ball 1-0: Called Strike 1-1: Ball 2-1: Foul Ball, location: 2F 2-2: Foul Ball, location: 2F 2-2: Ball 3-2: Foul Ball, location: 2F 3-2: SINGLE (Line Drive, 4D, EV 95.6 MPH) Jamie Locke to second
|
|
Batting: LHB Freddy Troncoso
|
0-0: Fly out, F8 (Flyball, 8LD, EV 78.8 MPH)
|
|
Batting: LHB Roy Riess
|
0-0: Called Strike 0-1: Ball 1-1: SINGLE (Line Drive, 8LS, EV 106.9 MPH) Jamie Locke to third Bobby Gulsby to second
|
|
Batting: LHB Eric Ludwig
|
0-0: Ball 1-0: Ball 2-0: Swinging Strike 2-1: Fly out, F8 (Flyball, 78XD, EV 108.1 MPH) Runner from 3rd tags up, SCORES, no throw by CF Bobby Gulsby to third
|
|
Batting: RHB Mike Manchester
|
0-0: Ball 1-0: Swinging Strike 1-1: Ball 2-1: Foul Ball, location: 2F 2-2: SINGLE (Groundball, 15S, EV 63.8 MPH) (infield hit) Bobby Gulsby scores Roy Riess to second
|
|
Batting: LHB Mike Clark
|
0-0: Ball 1-0: Ball 2-0: Called Strike 2-1: Ball 3-1: Called Strike 3-2: Fly out, F3 (Line Drive, 3, EV 67.5 MPH)
|
| Top of the 9th over - 2 runs, 4 hits, 0 errors, 2 left on base; Hartford 3 - Lakewood 6 |
|